TOP OF THE 1ST |
Athens Assassins batting - Pitching for State College Spikes : RHP Carlos Encarnación
|
Pitching: RHP Carlos Encarnación
|
|
Batting: RHB Pat Johnston
|
0-0: Swinging Strike 0-1: Swinging Strike 0-2: Strikes out swinging
|
Batting: RHB Luis López
|
0-0: Foul Ball, location: 2F 0-1: Foul Ball, location: 2F 0-2: Ball 1-2: Fly out, F8 (Flyball, 8LD)
|
Batting: RHB Kiyonaga Ogawa
|
0-0: Called Strike 0-1: Ball 1-1: Called Strike 1-2: Foul Ball, location: 2F 1-2: Strikes out swinging
|
Top of the 1st over - 0 runs, 0 hits, 0 errors, 0 left on base; Athens 0 - State College 0 |
BOTTOM OF THE 1ST |
State College Spikes batting - Pitching for Athens Assassins : RHP James Mantle
|
Pitching: RHP James Mantle
|
|
Batting: LHB William Mitchell
|
0-0: Called Strike 0-1: Swinging Strike 0-2: Strikes out looking
|
Batting: RHB Jorge Molina
|
0-0: Called Strike 0-1: Swinging Strike 0-2: Ball 1-2: Ball 2-2: Ball 3-2: Strikes out swinging
|
Batting: RHB Steve Welch
|
0-0: Ball 1-0: Ball 2-0: Ground out 5-3 (Groundball, 56)
|
Bottom of the 1st over - 0 runs, 0 hits, 0 errors, 0 left on base; Athens 0 - State College 0 |
TOP OF THE 2ND |
Athens Assassins batting - Pitching for State College Spikes : RHP Carlos Encarnación
|
Batting: RHB Jake Erickson
|
0-0: Ball 1-0: SINGLE (Groundball, 34D)
|
Batting: RHB Maximino Abbado
|
0-0: Ball 1-0: Called Strike 1-1: Hit by Pitch Jake Erickson to second
|
Batting: RHB Britt Short
|
0-0: Ball 1-0: Called Strike 1-1: Ball 2-1: Foul Ball, location: 2F 2-2: Fly out, F7 (Flyball, 78D)
|
Batting: RHB Don Martin
|
0-0: Ball Jake Erickson steals 3rd base 1-0: Ball 2-0: 3-RUN HOME RUN (Flyball, 78XD), Distance : 421 ft
|
Batting: RHB Alfonso Flores
|
0-0: Foul Ball, location: 2F 0-1: Foul Ball, location: 2F 0-2: Ball 1-2: Strikes out swinging
|
Batting: RHB Júlio Castillo
|
0-0: Ball 1-0: Called Strike 1-1: Called Strike 1-2: Foul Ball, location: 2F 1-2: Ball 2-2: Ball 3-2: Strikes out swinging
|
Top of the 2nd over - 3 runs, 2 hits, 0 errors, 0 left on base; Athens 3 - State College 0 |
BOTTOM OF THE 2ND |
State College Spikes batting - Pitching for Athens Assassins : RHP James Mantle
|
Batting: LHB Javier Morales
|
0-0: Foul Ball, location: 2F 0-1: Foul Ball, location: 2F 0-2: Ball 1-2: Ball 2-2: Ball 3-2: Foul Ball, location: 2F 3-2: Strikes out swinging
|
Batting: RHB Héctor Villarreal
|
0-0: Ball 1-0: Ball 2-0: Ball 3-0: Ground out 4-3 (Groundball, 4)
|
Batting: RHB António Trevino
|
0-0: Ball 1-0: Ground out 6-3 (Groundball, 6M)
|
Bottom of the 2nd over - 0 runs, 0 hits, 0 errors, 0 left on base; Athens 3 - State College 0 |
TOP OF THE 3RD |
Athens Assassins batting - Pitching for State College Spikes : RHP Carlos Encarnación
|
Batting: RHB Pat Johnston
|
0-0: SINGLE (Groundball, 6MD)
|
Batting: RHB Luis López
|
0-0: Ball 1-0: Fielders Choice at 2nd, 2-4 (Groundball, 2L)
|
Batting: RHB Kiyonaga Ogawa
|
0-0: Called Strike 0-1: Ball 1-1: Fly out, F9 (Line Drive, 89S)
|
Batting: RHB Jake Erickson
|
0-0: Called Strike 0-1: Ball 1-1: SINGLE (Groundball, 56) (infield hit) Luis López to second
|
Batting: RHB Maximino Abbado
|
0-0: Ball
|
|
|
|
1-0: SINGLE (Flyball, 8RS) Luis López to third Jake Erickson to second Runner from 3rd tries for Home, SAFE, no throw
|
Batting: RHB Britt Short
|
0-0: Foul Ball, location: 2F 0-1: Called Strike 0-2: Ball 1-2: Ball 2-2: Fielders Choice at 2nd, 6-4 (Groundball, 6)
|
Top of the 3rd over - 1 run, 3 hits, 0 errors, 2 left on base; Athens 4 - State College 0 |
BOTTOM OF THE 3RD |
State College Spikes batting - Pitching for Athens Assassins : RHP James Mantle
|
Batting: RHB Gustavo Martínez
|
0-0: Ball 1-0: Called Strike 1-1: SINGLE (Groundball, 6M) (infield hit)
|
Batting: RHB Víctor Polanco
|
0-0: Ball 1-0: Ball 2-0: Called Strike 2-1: Fly out, F7 (Flyball, 7D)
|
Batting: RHB Jeff Richardson
|
0-0: Ball 1-0: Foul Ball, location: 2F 1-1: Ball 2-1: Swinging Strike 2-2: Strikes out swinging
|
Batting: LHB William Mitchell
|
0-0: Called Strike 0-1: Ball 1-1: Ball 2-1: Ball Gustavo Martínez steals 2nd base 3-1: Called Strike 3-2: Fly out, F7 (Line Drive, 7S)
|
Bottom of the 3rd over - 0 runs, 1 hit, 0 errors, 1 left on base; Athens 4 - State College 0 |
TOP OF THE 4TH |
Athens Assassins batting - Pitching for State College Spikes : RHP Carlos Encarnación
|
Batting: RHB Don Martin
|
0-0: Ball 1-0: Foul Ball, location: 2F 1-1: Foul Ball, location: 2F 1-2: Strikes out swinging
|
Batting: RHB Alfonso Flores
|
0-0: Swinging Strike 0-1: Swinging Strike 0-2: Fly out, F9 (Flyball, 9D)
|
Batting: RHB Júlio Castillo
|
0-0: Ball 1-0: Called Strike 1-1: Fly out, F7 (Flyball, 78D)
|
Top of the 4th over - 0 runs, 0 hits, 0 errors, 0 left on base; Athens 4 - State College 0 |
BOTTOM OF THE 4TH |
State College Spikes batting - Pitching for Athens Assassins : RHP James Mantle
|
Batting: RHB Jorge Molina
|
0-0: Called Strike 0-1: Ball 1-1: Swinging Strike 1-2: Strikes out swinging
|
Batting: RHB Steve Welch
|
0-0: Called Strike 0-1: Ground out 2-3 (Groundball, 2L)
|
Batting: LHB Javier Morales
|
0-0: Ball 1-0: Called Strike 1-1: Called Strike 1-2: Ball 2-2: Foul Ball, location: 2F 2-2: Ball 3-2: Strikes out swinging
|
Bottom of the 4th over - 0 runs, 0 hits, 0 errors, 0 left on base; Athens 4 - State College 0 |
TOP OF THE 5TH |
Athens Assassins batting - Pitching for State College Spikes : RHP Carlos Encarnación
|
Batting: RHB Pat Johnston
|
0-0: Called Strike 0-1: Called Strike 0-2: Ball 1-2: Ball 2-2: Foul Ball, location: 2F 2-2: Ground out 5-3 (Groundball, 56S)
|
Batting: RHB Luis López
|
0-0: Called Strike 0-1: SINGLE (Flyball, 9LS)
|
Batting: RHB Kiyonaga Ogawa
|
0-0: Grounds into double play, 5-4-3 (Groundball, 56)
|
Top of the 5th over - 0 runs, 1 hit, 0 errors, 0 left on base; Athens 4 - State College 0 |
BOTTOM OF THE 5TH |
State College Spikes batting - Pitching for Athens Assassins : RHP James Mantle
|
Batting: RHB Héctor Villarreal
|
0-0: Foul Ball, location: 2F 0-1: Swinging Strike 0-2: Ball 1-2: Ball 2-2: Ball 3-2: Ground out 4-3 (Groundball, 4)
|
Batting: RHB António Trevino
|
0-0: Hit by Pitch
|
Batting: RHB Gustavo Martínez
|
0-0: Called Strike 0-1: Ground out 5-3 (Groundball, 56S) António Trevino to second
|
Batting: RHB Víctor Polanco
|
0-0: Foul Ball, location: 2F 0-1: Called Strike 0-2: Hit by Pitch
|
Batting: RHB Jeff Richardson
|
0-0: Called Strike 0-1: Foul Ball, location: 2F 0-2: Ball 1-2: Strikes out swinging
|
Bottom of the 5th over - 0 runs, 0 hits, 0 errors, 2 left on base; Athens 4 - State College 0 |
TOP OF THE 6TH |
Athens Assassins batting - Pitching for State College Spikes : RHP Carlos Encarnación
|
Batting: RHB Jake Erickson
|
0-0: Ball 1-0: Ball 2-0: Called Strike 2-1: Ball 3-1: Base on Balls
|
Batting: RHB Maximino Abbado
|
0-0: Ball 1-0: Ball 2-0: Ball 3-0: Called Strike 3-1: Base on Balls Jake Erickson to second
|
Pitching: RHP José Sánchez
|
|
Batting: RHB Britt Short
|
0-0: Called Strike 0-1: Single, Error in OF, E7, batter to second base Jake Erickson scores Maximino Abbado to third
|
Batting: RHB Don Martin
|
0-0: Called Strike 0-1: Foul Ball, location: 2F 0-2: Strikes out looking
|
Batting: RHB Alfonso Flores
|
0-0: Ball 1-0: Foul Ball, location: 2F 1-1: SINGLE (Line Drive, 89S) Maximino Abbado scores Britt Short to third
|
Batting: RHB Júlio Castillo
|
0-0: SINGLE (Groundball, 34D) Britt Short scores Alfonso Flores to second Runner from 2nd tries for 3rd, SAFE, no throw
|
Batting: RHB Pat Johnston
|
0-0: Called Strike 0-1: Foul Ball, location: 2F 0-2: Ball Passed Ball! Alfonso Flores scores Júlio Castillo to second 1-2: Ball 2-2: Ball 3-2: Base on Balls
|
Batting: RHB Luis López
|
0-0: Ball Wild Pitch! Júlio Castillo to third Pat Johnston to second 1-0: Ball 2-0: Swinging Strike 2-1: Swinging Strike 2-2: Foul Ball, location: 2F 2-2: Foul Ball, location: 2F 2-2: Strikes out swinging
|
Batting: RHB Kiyonaga Ogawa
|
0-0: Called Strike 0-1: Ball 1-1: Swinging Strike 1-2: Ball 2-2: Strikes out swinging
|
Top of the 6th over - 4 runs, 3 hits, 1 error, 2 left on base; Athens 8 - State College 0 |
BOTTOM OF THE 6TH |
State College Spikes batting - Pitching for Athens Assassins : RHP James Mantle
|
Batting: LHB William Mitchell
|
0-0: Called Strike 0-1: Fly out, F7 (Line Drive, 7S)
|
Batting: RHB Jorge Molina
|
0-0: Ground out 4-3 (Groundball, 4)
|
Batting: RHB Steve Welch
|
0-0: Ball 1-0: Called Strike 1-1: Called Strike 1-2: Strikes out looking
|
Bottom of the 6th over - 0 runs, 0 hits, 0 errors, 0 left on base; Athens 8 - State College 0 |
TOP OF THE 7TH |
Athens Assassins batting - Pitching for State College Spikes : RHP José Sánchez
|
Batting: RHB Jake Erickson
|
0-0: Ball 1-0: Swinging Strike 1-1: Fly out, F8 (Flyball, 8LS)
|
Batting: RHB Maximino Abbado
|
0-0: Swinging Strike 0-1: Foul Ball, location: 2F 0-2: Ball 1-2: Ball 2-2: Strikes out swinging
|
Batting: RHB Britt Short
|
0-0: Fly out, F9 (Flyball, 9)
|
Top of the 7th over - 0 runs, 0 hits, 0 errors, 0 left on base; Athens 8 - State College 0 |
BOTTOM OF THE 7TH |
State College Spikes batting - Pitching for Athens Assassins : RHP James Mantle
|
Batting: LHB Javier Morales
|
0-0: Called Strike 0-1: Foul Ball, location: 2F 0-2: Strikes out swinging
|
Batting: RHB Héctor Villarreal
|
0-0: Called Strike 0-1: Ball 1-1: Ball 2-1: Called Strike 2-2: Strikes out swinging
|
Batting: RHB António Trevino
|
0-0: Ground out 5-3 (Groundball, 56)
|
Bottom of the 7th over - 0 runs, 0 hits, 0 errors, 0 left on base; Athens 8 - State College 0 |
TOP OF THE 8TH |
Athens Assassins batting - Pitching for State College Spikes : RHP José Sánchez
|
Batting: RHB Don Martin
|
0-0: Foul Ball, location: 2F 0-1: Ball 1-1: Ball 2-1: Swinging Strike 2-2: Foul Ball, location: 2F 2-2: Strikes out swinging
|
Batting: RHB Alfonso Flores
|
0-0: Ball 1-0: Swinging Strike 1-1: Foul Ball, location: 2F 1-2: Ball 2-2: Ball 3-2: Strikes out looking
|
Batting: RHB Júlio Castillo
|
0-0: Ball 1-0: Swinging Strike 1-1: Called Strike 1-2: Ball 2-2: Ball 3-2: Base on Balls
|
Batting: RHB Pat Johnston
|
0-0: Ball 1-0: Ball 2-0: Ball 3-0: Called Strike 3-1: Swinging Strike 3-2: Foul Ball, location: 2F 3-2: Foul Ball, location: 2F 3-2: Foul Ball, location: 2F 3-2: Base on Balls Júlio Castillo to second
|
Batting: RHB Luis López
|
0-0: Called Strike 0-1: Foul Ball, location: 2F 0-2: Ball 1-2: Strikes out swinging
|
Top of the 8th over - 0 runs, 0 hits, 0 errors, 2 left on base; Athens 8 - State College 0 |
BOTTOM OF THE 8TH |
State College Spikes batting - Pitching for Athens Assassins : RHP James Mantle
|
Now at 1B: Justin Tomlinson
|
|
Batting: RHB Gustavo Martínez
|
0-0: Called Strike 0-1: Ball 1-1: Ball 2-1: Ball 3-1: Called Strike 3-2: SINGLE (Groundball, 6MD)
|
Batting: RHB Víctor Polanco
|
0-0: SINGLE (Groundball, 6MD) Gustavo Martínez to second Runner from 2nd tries for 3rd, SAFE, no throw
|
Batting: RHB Jeff Richardson
|
0-0: Called Strike 0-1: Called Strike 0-2: Strikes out looking
|
Batting: LHB William Mitchell
|
0-0: Ball 1-0: Ground out 4-3 (Groundball, 4S) Gustavo Martínez scores Víctor Polanco to second
|
Batting: RHB Jorge Molina
|
0-0: Called Strike 0-1: Ball 1-1: Ground out 6-3 (Groundball, 6)
|
Bottom of the 8th over - 1 run, 2 hits, 0 errors, 1 left on base; Athens 8 - State College 1 |
TOP OF THE 9TH |
Athens Assassins batting - Pitching for State College Spikes : RHP José Sánchez
|
Batting: RHB Kiyonaga Ogawa
|
0-0: Ball 1-0: Ball 2-0: Foul Ball, location: 2F 2-1: Called Strike 2-2: Ball 3-2: Ground out 6-3 (Groundball, 6S)
|
Batting: RHB Jake Erickson
|
0-0: Ball 1-0: Ball 2-0: Foul Ball, location: 2F 2-1: Swinging Strike 2-2: Strikes out swinging
|
Batting: RHB Maximino Abbado
|
0-0: Ball 1-0: Called Strike 1-1: Swinging Strike 1-2: Fly out, F4 (Popup, 4)
|
Top of the 9th over - 0 runs, 0 hits, 0 errors, 0 left on base; Athens 8 - State College 1 |
BOTTOM OF THE 9TH |
State College Spikes batting - Pitching for Athens Assassins : RHP James Mantle
|
Now in LF: William Ewing
|
|
Now in CF: Josh Bergman
|
|
Batting: RHB Steve Welch
|
0-0: Ball 1-0: Ball 2-0: Called Strike 2-1: Swinging Strike 2-2: Foul Ball, location: 2F 2-2: Strikes out swinging
|
Batting: LHB Javier Morales
|
0-0: SINGLE (Flyball, 7LS)
|
Pitching: RHP Franklin Booth
|
|
Batting: RHB Héctor Villarreal
|
0-0: Called Strike 0-1: Ball 1-1: 2-RUN HOME RUN (Flyball, 9D), Distance : 421 ft
|
Batting: RHB António Trevino
|
0-0: Ball 1-0: Called Strike 1-1: Foul Ball, location: 2F 1-2: Ball 2-2: Foul Ball, location: 2F 2-2: Strikes out swinging
|
Batting: RHB Gustavo Martínez
|
0-0: Called Strike 0-1: Called Strike 0-2: Ball 1-2: Foul Ball, location: 2F 1-2: Foul Ball, location: 2F 1-2: SINGLE (Groundball, 4MD)
|
Batting: RHB Víctor Polanco
|
0-0: Fly out, F8 (Flyball, 8LM)
|
Bottom of the 9th over - 2 runs, 3 hits, 0 errors, 1 left on base; Athens 8 - State College 3 |
|
Saturday, April 7th, 2018 - OOTP Baseball 18.8 Build 76
|
|